AoeStats
← Paco Jidonez

Arabia

509818843Analyzed
1v1 RM · 4d ago on Sep 28, 2026· 47m 40s· 2 players
Game mode
Random Map
Map size
Tiny (2 player)
Population
200
Speed
Normal
Resources
Standard
Victory
Conquest
Starting age
Dark Age
Ending age
Imperial Age
RankedLock teamsTeams togetherTeam positionsShared explorationLock speedFull tech treeHidden civsTurbo modeCheats
Victory
Defeat
🇷🇺 Bohemians · Russia
740
+16
🇲🇽 Magyars · Mexico
738
-16
Paco Jidonez
11:07 Feudal Age
14:25 Bloodlines
14:49 Scale Barding Armor
20:08 Castle Age
19:03 Scale Mail Armor
21:19 Double-Bit Axe
22:02 Husbandry
23:36 Bow Saw
26:51 Stone Mining
26:45 Horse Collar
29:38 Man-at-Arms
30:29 Town Watch
33:05 Long Swordsman
33:56 Thumb Ring
34:23 Chain Barding Armor
33:54 Fletching
34:05 Padded Archer Armor
35:12 Corvinian Army
40:36 Murder Holes
41:09 Chain Mail Armor
40:57 Bodkin Arrow
41:35 Town Patrol
45:44 Imperial Age
43:03 Loom
45:20 Leather Archer Armor
45:59 Ballistics
45:50 Masonry
48:02 Chemistry
47:52 Devotion
born_to_chilll
2:02 Loom
13:39 Feudal Age
19:36 Castle Age
17:53 Forging
18:17 Scale Mail Armor
19:57 Horse Collar
20:09 Double-Bit Axe
20:20 Pikeman
23:35 Chemistry
29:24 Wheelbarrow
32:52 Iron Casting
32:24 Scale Barding Armor
33:06 Hand Cart
33:53 Chain Mail Armor
40:39 Imperial Age
38:36 Fletching
38:47 Padded Archer Armor
40:39 Chain Barding Armor
42:10 Cavalier
44:04 Halberdier
Connection lost

Rejoining the realm…

Still unreachable

The connection could not be restored.

Session expired

The server has moved on; the page needs a fresh start.